 Dungeon Crawl Stone Soup version 0.22.1-1-ga44c0e5 (webtiles) character file.

2344 Folque the Ruffian (level 9, -2/83 HPs)
             Began as a Troll Hunter on Sept 27, 2018.
             Was a Follower of Elyvilon.
             Killed from afar by an orc wizard (3 damage)
             ... with a puff of flame
             ... on level 7 of the Dungeon.
             The game lasted 00:25:12 (4873 turns).

Folque the Ruffian (Troll Hunter)                   Turns: 4873, Time: 00:25:12

Health: -2/83      AC:  6    Str: 24    XL:     9   Next: 20%
Magic:  10/10      EV: 10    Int:  7    God:    Elyvilon [*.....]
Gold:   274        SH:  0    Dex: 11    Spells: 1/8 levels left

rFire    . . .     SeeInvis .     - Unarmed
rCold    + . .     Gourm    +   (no shield)
rNeg     . . .     Faith    .   b - +1 robe
rPois    .         Spirit   .   (helmet restricted)
rElec    .         Reflect  .   (no cloak)
rCorr    .         Harm     .   (gloves unavailable)
MR       .....                  (boots unavailable)
Stlth    +.........             (no amulet)
HPRegen  0.63/turn              a - ring of protection from cold
MPRegen  0.12/turn              (no ring)

@: heavily drained
A: large, unfitting armour, claws 3, fast metabolism 3, gourmand, regeneration
1, shaggy fur 1, tough skin 2
a: Lesser Healing, Divine Protection, Renounce Religion


You were on level 7 of the Dungeon.
You worshipped Elyvilon.
Elyvilon was aware of your devotion.
You were full.

You visited 2 branches of the dungeon, and saw 8 of its levels.

You collected 319 gold pieces.
You spent 45 gold pieces at shops.

Inventory:

Hand Weapons
 i - a +0 hunting sling
 I - a +2 short sword of draining
Missiles
 d - 2 throwing nets
 e - 13 poisoned needles
 r - 64 sling bullets
 y - 6 needles of sleeping
 H - a large rock (quivered)
Armour
 b - a +1 robe (worn)
 E - a +2 robe of positive energy
Jewellery
 a - a ring of protection from cold (left claw)
 c - an uncursed ring of fire {unknown}
 q - an uncursed amulet of the gourmand {unknown}
 G - an uncursed amulet of magic regeneration {unknown}
Wands
 w - a wand of random effects (31)
 L - a wand of acid (10)
Scrolls
 h - a scroll of fog {unknown}
 k - a scroll of blinking {unknown}
 m - 3 scrolls of immolation {unknown}
 n - 6 scrolls of remove curse {unknown}
 o - 2 scrolls of random uselessness {unknown}
 s - 2 scrolls of enchant armour
 t - 4 scrolls of teleportation
 v - 6 scrolls of identify
 A - a scroll of amnesia {unknown}
 F - a scroll of torment {unknown}
 J - a scroll of fear {unknown}
Potions
 g - a potion of invisibility
 j - 6 potions of magic {unknown}
 l - a potion of agility {unknown}
 p - 2 potions of lignification {unknown}
 u - 2 potions of berserk rage {unknown}
 x - a potion of flight {unknown}
 z - a potion of ambrosia {unknown}
 B - a potion of degeneration {unknown}
 C - a potion of heal wounds {unknown}
 D - a potion of curing {unknown}
 K - a potion of brilliance {unknown}
Comestibles
 f - 10 rations


   Skills:
 + Level 3.5(1.7) Fighting
 - Level 5.0(3.1) Throwing
 - Level 3.3(1.5) Dodging
 - Level 0.3(0.0) Stealth
 - Level 7.0(5.0) Unarmed Combat
 - Level 4.5(2.7) Transmutations
 * Level 3.6(1.7) Invocations


You had one spell level left.
You knew the following spells:

 Your Spells              Type           Power        Failure   Level  Hunger
a - Beastly Appendage     Tmut           #.....       16%         1    ##.....
b - Passwall              Tmut/Erth      #.......     38%         2    ###....
c - Petrify               Tmut/Erth      #.......     95%         4    #####..

Your spell library contained the following spells:

 Spells                   Type           Power        Failure   Level  Hunger
 Corona                   Hex            #......      43%         1    ##.....
 Sandblast                Erth           #.....       43%         1    ##.....
 Sticks to Snakes         Tmut           #.......     24%         2    ###....
 Ensorcelled Hibernation  Hex/Ice        #.....       56%         2    ###....
 Spider Form              Tmut/Pois      #.........   63%         3    ####...
 Confuse                  Hex            #.......     80%         3    ####...
 Dazzling Spray           Conj/Hex       #.....       80%         3    ####...
 Stone Arrow              Conj/Erth      #.....       80%         3    ####...
 Tukima's Dance           Hex            #.......     80%         3    ####...
 Ice Form                 Ice/Tmut       #.......     95%         4    #####..
 Blade Hands              Tmut           #.........   99%         5    ######.
 Lee's Rapid Deconstruct  Erth           #.........   100%        5    ######.


Dungeon Overview and Level Annotations

Branches:
Dungeon (7/15)             Temple (1/1) D:5

Altars:
Ashenzari
Cheibriados
Dithmenos
Elyvilon
Fedhas
Hepliaklqana
Kikubaaqudgha
Makhleb
Nemelex Xobeh
Okawaru
Qazlal
Ru
Sif Muna
Trog
Uskayaw
Vehumet
Wu Jian
Xom
Yredelemnul
Zin
The Shining One

Shops:
D:5 ??   D:6 (

Annotations:
D:7 Joseph


Innate Abilities, Weirdness & Mutations

You are too large for most types of armour.
You have claws for hands.
Your metabolism is lightning-fast.
You like to eat raw meat.
Your natural rate of healing is unusually fast.
You are covered in fur. (AC +1)
You have very tough skin. (AC +2)


Message History

The orc warrior hits you from afar with a trident!!
You barely miss something. The orc hits you.
You hear some strange, mumbled words.
A puff of frost appears from out of thin air!
The puff of frost hits you! You resist.
* * * LOW HITPOINT WARNING * * *
You barely miss something.
The orc warrior hits you from afar with a trident.
* * * LOW HITPOINT WARNING * * *
Something hits you but does no damage. The orc hits you.
* * * LOW HITPOINT WARNING * * *
You miss something.
The orc warrior hits you from afar with a trident!
* * * LOW HITPOINT WARNING * * *
Something hits you but does no damage. The orc hits you but does no damage.
You miss something. The orc hits you but does no damage.
You hear some strange, mumbled words.
A puff of flame appears from out of thin air!
The puff of flame hits you!
You die...

#.........# #.
#.........# #.#
#.......(.# #.#
#.........# #.#
.#.........# #.#
.......o...# #.#
#.....{o..###########.#
#@o...............
#)####### ######.#
#(##############.#
#................#
################## # #
# #


You could see an orc warrior and 2 orcs.

Vanquished Creatures
  Sigmund (D:5)
  Eustachio (D:5)
  Menkaure (D:5)
  An orc warrior (D:6)
  2 phantoms
  2 ice beasts (D:5)
  An ogre (D:4)
  2 centaurs
  3 bullfrogs
  A gnoll sergeant (D:5)
  2 wights (D:7)
  3 crimson imps
  2 howler monkeys
  A jelly (D:7)
  A hound (D:4)
  2 orc priests
  2 orc wizards
  2 bullfrog skeletons
  3 iguanas
  Terence (D:3)
  5 worker ants
  A killer bee zombie (D:6)
  2 hound zombies
  A hound skeleton (D:5)
  4 gnolls
  7 adders
  2 shadow imps
  2 oozes
  An adder skeleton (D:2)
  5 worms (D:2)
  A dart slug (D:2)
  2 leopard geckos
  13 orcs
  A giant cockroach (D:1)
  9 goblins
  5 hobgoblins
  4 jackals (D:6)
  6 kobolds
  A quokka (D:5)
  A ball python (D:4)
  8 bats
  6 frilled lizards
  2 jackal skeletons (D:7)
  A leopard gecko skeleton (D:6)
  6 rats
130 creatures vanquished.

Notes
Turn   | Place    | Note
-------+----------+-------------------------------------------
     0 | D:1      | Folque the Troll Hunter began the quest for the Orb.
     0 | D:1      | Reached XP level 1. HP: 19/19 MP: 0/0
   148 | D:1      | Reached skill level 1 in Unarmed Combat
   256 | D:1      | Reached XP level 2. HP: 28/28 MP: 1/1
   868 | D:2      | Reached skill level 2 in Unarmed Combat
   914 | D:2      | Reached XP level 3. HP: 30/35 MP: 2/2
  1177 | D:2      | Reached XP level 4. HP: 42/42 MP: 3/3
  1287 | D:2      | Found a deep blue altar of Sif Muna.
  1287 | D:2      | Found a faded altar of an unknown god.
  1292 | D:2      | Found a sparkling altar of Nemelex Xobeh.
  1294 | D:2      | Found a shadowy altar of Dithmenos.
  1295 | D:2      | Found a faded altar of an unknown god.
  1579 | D:3      | Noticed Terence
  1591 | D:3      | Killed Terence
  1591 | D:3      | Reached skill level 3 in Unarmed Combat
  1786 | D:3      | Found a shimmering altar of Xom.
  1822 | D:3      | Learned a level 1 spell: Beastly Appendage
  2001 | D:3      | Found a radiant altar of Vehumet.
  2027 | D:3      | Found a hide-covered altar of Uskayaw.
  2032 | D:3      | Reached XP level 5. HP: 50/50 MP: 4/4
  2111 | D:4      | Noticed an ogre
  2121 | D:4      | Killed an ogre
  2121 | D:4      | Reached skill level 4 in Unarmed Combat
  2227 | D:4      | Noticed a phantom
  2249 | D:4      | Killed a phantom
  2249 | D:4      | Reached XP level 6. HP: 61/61 MP: 5/5
  2421 | D:4      | Found a shattered altar of Ashenzari.
  2448 | D:4      | Found an iron altar of Okawaru.
  2513 | D:4      | Reached skill level 1 in Transmutations
  2519 | D:4      | Reached skill level 5 in Unarmed Combat
  2650 | D:5      | Entered Level 5 of the Dungeon
  2650 | D:5      | Noticed Sigmund
  2652 | D:5      | Killed Sigmund
  2652 | D:5      | Reached XP level 7. HP: 67/67 MP: 6/6
  2688 | D:5      | Reached skill level 5 in Throwing
  2846 | D:5      | Learned a level 2 spell: Passwall
  2891 | D:5      | Noticed Menkaure
  2898 | D:5      | Killed Menkaure
  2898 | D:5      | Reached skill level 6 in Unarmed Combat
  2979 | D:5      | Noticed Eustachio
  2983 | D:5      | Killed Eustachio
  2983 | D:5      | Reached XP level 8. HP: 75/75 MP: 4/7
  3023 | D:5      | Found Feurrit's Magic Scroll Emporium.
  3045 | D:5      | Bought a scroll of teleportation for 45 gold pieces
  3253 | D:5      | Reached skill level 7 in Unarmed Combat
  3271 | D:5      | Found Exzuif's Magic Scroll Shop.
  3324 | D:5      | Found a staircase to the Ecumenical Temple.
  3330 | Temple   | Entered the Ecumenical Temple
  3442 | Temple   | Became a worshipper of Elyvilon the Healer
  3718 | D:6      | Reached skill level 1 in Invocations
  3897 | D:6      | Reached XP level 9. HP: 46/81 MP: 7/9
  3994 | D:6      | Found Fathakhlu's Antique Weapon Shop.
  4113 | D:6      | Learned a level 4 spell: Petrify
  4512 | D:7      | Reached * piety under Elyvilon
  4649 | D:7      | Noticed Joseph
  4872 | D:7      | HP: 1/83 [orc warrior/trident (16)]
  4873 | D:7      | Killed from afar by an orc wizard

Skill      XL: |  1  2  3  4  5  6  7  8  9 |
---------------+----------------------------+-----
Unarmed Combat | 1 2 3 4 5 6 7 |  7.0
Fighting       | 2 3 |  3.5
Throwing       | 4 5 |  5.0
Transmutations | 1 2 4 |  4.5
Dodging        | 2 3 |  3.3
Invocations    | 2 3 |  3.6
Stealth        | |  0.3

Action                   |  1- 3 |  4- 6 |  7- 9 || total
-------------------------+-------+-------+-------++-------
Melee: Unarmed           |    89 |   130 |   161 ||   380
       Punch             |       |     3 |     3 ||     6
       Kick              |       |       |    15 ||    15
       Headbutt          |       |       |     1 ||     1
 Fire: Hunting sling     |       |       |    11 ||    11
Throw: Large rock        |     5 |    10 |    23 ||    38
       Throwing net      |       |       |     2 ||     2
 Cast: Beastly Appendage |       |       |    17 ||    17
  Use: Scroll            |     3 |     1 |       ||     4
 Stab: Sleeping          |       |     1 |       ||     1
  Eat: Chunk             |    16 |    14 |    18 ||    48
Armor: Robe              |    25 |    43 |    52 ||   120
Dodge: Dodged            |    42 |    66 |    72 ||   180
